[Event "fics rated crazyhouse match"]
[Site "fics, Oklahoma City, OK USA"]
[Date "2000.02.29"]
[White "liveZ"]
[WhiteElo "2402"]
[Black "Gobi"]
[BlackElo "2261"]
[TimeControl "120+0"]
[Result "0-1"]

1. e4 e5 2. Nf3 Nc6 3. Bb5 Bc5 4. O-O Nf6 5. c3 Nxe4 6. d4 
exd4 7. cxd4 Be7 8. d5 Nb4 9. Qe2 P@f5 10. P@e6 O-O 11. exf7+ Rxf7 
12. Ne5 Rf8 13. P@h6 Nxd5 14. hxg7 Kxg7 15. Nc3 Ndxc3 16. bxc3 P@g6 17. Bb2 
Bf6 18. c4 d6 19. Rad1 N@f4 20. Qf3 P@e2 21. P@h6+ Kg8 22. Qxf4 exf1=Q+ 
23. Rxf1 dxe5 24. Qe3 P@d4 25. Qb3 N@d2 26. P@g7 Rf7 27. Qa4 P@e2 28. N@g3 
Nxg3 29. Qd1 exf1=Q+ 30. Qxf1 R@h1# 
{liveZ checkmated} 0-1

[Event "fics rated crazyhouse match"]
[Site "fics, Oklahoma City, OK USA"]
[Date "2000.02.29"]
[White "Gobi"]
[WhiteElo "2272"]
[Black "liveZ"]
[BlackElo "2386"]
[TimeControl "120+0"]
[Result "0-1"]

1. e4 e6 2. d4 Nf6 3. Nc3 Bb4 4. Bd3 Nc6 5. Ne2 d5 6. e5 
Ne4 7. O-O Bxc3 8. bxc3 N@h4 9. B@g3 Nf5 10. Ba3 Qg5 11. Bf4 Qg6 
12. f3 Ng5 13. Bxg5 Qxg5 14. N@h3 Qh4 15. Kh1 B@g3 16. hxg3 Nxg3+ 17. Nxg3 
Qxg3 18. B@f4 Qh4 19. Qe1 Qh5 20. N@g3 Qh4 21. Nf5 Qxh3+ 22. gxh3 exf5 
23. Qh4 N@g6 24. Qg5 h6 25. Qxg6 fxg6 26. N@h4 Q@h5 27. Q@g3 P@g4 28. fxg4 
fxg4 29. Bxg6+ Qxg6 30. Nxg6 B@e4+ 31. P@g2 Bxg2+ 32. Qxg2 P@f7 33. Bxh6 gxh3 
34. Qxh3 Bxh3 35. B@f3 P@g2+ 36. Bxg2 Bxg2+ 37. Kxg2 P@h3+ 38. Kg3 Q@g2# 
{Gobi forfeits on time} 0-1

[Event "fics rated crazyhouse match"]
[Site "fics, Oklahoma City, OK USA"]
[Date "2000.02.29"]
[White "liveZ"]
[WhiteElo "2394"]
[Black "Gobi"]
[BlackElo "2266"]
[TimeControl "120+0"]
[Result "1-0"]

1. e4 Nf6 2. e5 Nd5 3. Nf3 Nc6 4. d4 d6 5. Bb5 e6 6. O-O 
Bd7 7. Nc3 Nxc3 8. bxc3 Nxe5 9. Nxe5 dxe5 10. Bxd7+ Qxd7 11. N@e4 B@e7 
12. Ba3 Qc6 13. Bxe7 Bxe7 14. B@f3 P@d5 15. Ng3 B@f4 16. dxe5 Bxe5 17. P@d4 
Bxg3 18. hxg3 Qxc3 19. N@b5 Qc6 20. B@a4 O-O 21. B@e5 Rac8 22. Bxg7 Kxg7 
23. Rb1 B@c4 24. P@d3 Bxa2 25. Rb2 a6 26. Rxa2 axb5 27. Bxb5 Qxb5 28. B@e5+ 
P@f6 29. Qd2 N@f5 30. P@g5 fxe5 31. dxe5 Kg8 32. P@f6 Bc5 33. Bg4 Nxg3 
34. Qd1 P@h2+ 35. Kxh2 Nxf1+ 36. Qxf1 B@f4+ 37. P@g3 Bxg5 38. f4 R@h6+ 39. N@h3 
N@e3 40. Qe2 N@f1+ 41. Kg1 Rxh3 42. gxh3 P@h2+ 43. Kf2 B@g1+ 44. Ke1 
{Gobi forfeits on time} 1-0

[Event "fics rated crazyhouse match"]
[Site "fics, Oklahoma City, OK USA"]
[Date "2000.02.29"]
[White "LSS"]
[WhiteElo "2566"]
[Black "soon"]
[BlackElo "1905"]
[TimeControl "180+0"]
[Result "1-0"]

1. e4 e5 2. Bc4 Nc6 3. Nf3 Be7 4. Nc3 d6 5. d3 Nf6 6. h3 
h6 7. O-O O-O 8. Be3 Na5 9. Bb3 Nxb3 10. axb3 B@b4 11. Ra4 Bxc3 
12. bxc3 N@b2 13. Qd2 Nxa4 14. bxa4 Bd7 15. B@b3 Qe8 16. N@f5 Bxf5 17. exf5 
N@d5 18. B@e4 Nxe4 19. dxe4 Nxe3 20. fxe3 B@a6 21. Re1 B@g3 22. N@f2 R@b6 
23. N@g6 Rxb3 24. cxb3 fxg6 25. fxg6 Qxg6 26. P@f5 Qf7 27. N@g6 N@f6 28. R@h8# 
{soon checkmated} 1-0

[Event "fics rated crazyhouse match"]
[Site "fics, Oklahoma City, OK USA"]
[Date "2000.02.29"]
[White "LSS"]
[WhiteElo "2566"]
[Black "izicik"]
[BlackElo "1989"]
[TimeControl "180+0"]
[Result "0-1"]

1. e4 d5 2. exd5 Nf6 3. P@c4 e6 4. dxe6 Bxe6 5. d3 Bc5 6. P@e3 
Nc6 7. Nf3 Bg4 8. Be2 P@e4 9. Ng5 Bxe2 10. Qxe2 B@h5 11. f3 exf3 
12. gxf3 Qe7 13. Nc3 Rd8 14. Rg1 P@d4 15. Nce4 Nxe4 16. Nxe4 dxe3 17. Bxe3 
Bxe3 18. Qxe3 B@d4 19. Qxd4 Nxd4 20. B@a4+ P@c6 21. P@e2 Bxf3 22. P@f6 P@f2+ 
23. Kxf2 N@h3+ 24. Ke1 Qxe4 25. dxe4 Q@f2+ 26. Kd2 Qxe2+ 27. Kc3 Qe3+ 28. B@d3 
Ne2+ 29. Kb3 Qb6+ 30. P@b5 N@c5+ 31. Ka3 P@b4+ 32. Kxb4 Nxd3+ 33. cxd3 a5+ 
34. Kb3 Rxd3+ 35. P@c3 Nd4+ 36. Ka3 P@b4# 
{LSS checkmated} 0-1

[Event "fics rated crazyhouse match"]
[Site "fics, Oklahoma City, OK USA"]
[Date "2000.02.29"]
[White "izicik"]
[WhiteElo "2057"]
[Black "LSS"]
[BlackElo "2551"]
[TimeControl "180+0"]
[Result "0-1"]

1. e4 e6 2. d4 d5 3. e5 c5 4. Nf3 Nc6 5. Bb5 Bd7 6. Nc3 
Rc8 7. O-O a6 8. Bxc6 Bxc6 9. N@d6+ Bxd6 10. exd6 Qxd6 11. B@e5 Qf8 
12. dxc5 f6 13. Bd6 P@e7 14. Bdf4 N@d7 15. Bce3 Nh6 16. Bxh6 gxh6 17. P@d6 
exd6 18. cxd6 Qxd6 19. Ne4 Qf8 20. Bxh6 Qxh6 21. Nd6+ Ke7 22. Nxc8+ Rxc8 
23. P@d6+ Kxd6 24. N@e4+ Kc7 25. P@d6+ Kb8 26. Ng3 P@e4 27. Nd4 B@c5 28. Nxc6+ 
bxc6 29. B@c7+ Kb7 30. b4 Bxb4 31. Rb1 P@c5 32. a3 P@b5 33. axb4 P@f3 
34. gxf3 N@h3+ 35. Kh1 B@g2+ 36. Kxg2 N@f4# 
{izicik resigns} 0-1

[Event "fics rated crazyhouse match"]
[Site "fics, Oklahoma City, OK USA"]
[Date "2000.02.29"]
[White "LSS"]
[WhiteElo "2552"]
[Black "izicik"]
[BlackElo "2053"]
[TimeControl "180+0"]
[Result "1-0"]

1. e4 d5 2. exd5 Nf6 3. P@c4 e6 4. dxe6 Bxe6 5. Nf3 Nc6 6. P@d5 
Nxd5 7. cxd5 Bxd5 8. Nc3 Bxf3 9. Qxf3 Qe7+ 10. Qe3 P@e6 11. Bb5 N@f5 
12. Qf3 Nd4 13. Bxc6+ bxc6 14. Qd3 Rd8 15. N@b7 B@a6 16. Qxa6 Nxc2+ 17. Kf1 
Nxa1 18. B@a4 R@b6 19. Qxa7 P@d3 20. Nxd8 P@e2+ 21. Nxe2 dxe2+ 22. Kxe2 N@f4+ 
23. Kf3 Qxd8 24. R@a8 N@d4+ 25. Kxf4 Bd6+ 26. Ke3 Nac2+ 27. Bxc2 Nxc2+ 28. Ke2 
Nd4+ 29. Ke1 O-O 30. Rxd8 Rxd8 31. N@h6+ gxh6 32. N@f6+ Kf8 33. P@g7+ Kxg7 
34. N@h5+ Kf8 35. P@g7+ Ke7 36. g8=N+ Rxg8 37. Nxg8+ Kd8 38. Qa8+ B@b8 39. B@f6+ 
P@e7 40. R@f8+ R@e8 41. Rxe8# 
{izicik forfeits on time} 1-0

[Event "fics rated crazyhouse match"]
[Site "fics, Oklahoma City, OK USA"]
[Date "2000.02.29"]
[White "LSS"]
[WhiteElo "2538"]
[Black "izicik"]
[BlackElo "2112"]
[TimeControl "180+0"]
[Result "1-0"]

1. e4 d5 2. exd5 Nf6 3. P@c4 e6 4. dxe6 Bxe6 5. Nf3 Bg4 6. Be2 
Nc6 7. Nc3 P@d4 8. Nb5 Bc5 9. O-O O-O 10. h3 Bxf3 11. Bxf3 N@e5 
12. d3 Re8 13. P@h6 Bf8 14. hxg7 Bxg7 15. B@h6 Bxh6 16. Bxh6 P@g7 17. Bxg7 
Kxg7 18. Bxc6 bxc6 19. N@f5+ Kg8 20. P@b7 Rb8 21. Nxa7 B@g6 22. P@e7 Rxe7 
23. Nxe7+ Qxe7 24. R@c8+ B@f8 25. Rxb8 P@f3 26. gxf3 N@h4 27. P@g2 Nexf3+ 28. gxf3 
P@g2 29. Nxc6 gxf1=Q+ 30. Qxf1 Nxf3+ 31. Kg2 Nh4+ 32. Kh1 B@f3+ 33. P@g2 Bxc6 
34. R@c8 N@d7 35. P@d5 Nxd5 36. cxd5 Bxd5 37. P@e4 P@f3 38. N@f4 fxg2+ 39. Nxg2 
Bdxe4 40. dxe4 Qxe4 41. Rxf8+ Nxf8 42. Rxf8+ Kxf8 43. b8=Q+ R@e8 44. B@h6+ P@g7 
45. B@a3+ P@d6 46. Qxe8+ Qxe8 47. R@h8+ R@g8 48. Rxg8+ Kxg8 49. Bxg7 Kxg7 50. Nxh4 
B@d5+ 51. P@g2 P@f3 52. N@f5+ Bxf5 53. Nxf5+ Kf6 54. B@g7+ Kxf5 55. R@f6+ Kg5 
56. B@h6+ Kh5 57. P@g4# 
{izicik forfeits on time} 1-0

[Event "fics rated crazyhouse match"]
[Site "fics, Oklahoma City, OK USA"]
[Date "2000.02.29"]
[White "izicik"]
[WhiteElo "2107"]
[Black "LSS"]
[BlackElo "2539"]
[TimeControl "180+0"]
[Result "0-1"]

1. e4 e6 2. d4 d5 3. e5 c5 4. Nf3 Nc6 5. Bb5 Bd7 6. Nc3 
cxd4 7. Nxd4 Nxd4 8. Bxd7+ Qxd7 9. Qxd4 B@c5 10. Qd1 N@h4 11. B@h3 Rd8 
12. P@d4 Bb4 13. O-O Bxc3 14. bxc3 N@e4 15. B@g5 Be7 16. Bxe7 Nxe7 17. B@g5 
Nhf5 18. N@d6+ Nfxd6 19. exd6 Nxd6 20. N@e5 Qc7 21. Ba3 N@e4 22. Bxe7 Qxe7 
23. N@h5 B@f8 24. Bxd6 Rxd6 25. N@c8 Qc7 26. Nxd6+ Nxd6 27. Bxe6 fxe6 28. P@d7+ 
Ke7 29. d8=Q+ Kxd8 30. R@d7+ Qxd7 31. Nxd7 Kxd7 32. Qg4 B@f7 33. Rfe1 P@f5 
34. Qg3 Bxh5 35. Rab1 P@b6 36. Rxe6 Kxe6 37. Qe5+ Kd7 38. P@e6+ Kc7 39. Q@d7+ 
Kb8 40. Qexd6+ Bxd6 41. Qxd6+ B@c7 42. N@d7+ Ka8 43. Qxc7 N@h3+ 44. Kh1 R@g1# 
{izicik forfeits on time} 0-1

[Event "fics rated crazyhouse match"]
[Site "fics, Oklahoma City, OK USA"]
[Date "2000.02.29"]
[White "Firefly"]
[WhiteElo "2526"]
[Black "XXNoWay"]
[BlackElo "2364"]
[TimeControl "120+0"]
[Result "1-0"]

1. e4 e6 2. Nc3 Nf6 3. e5 Nd5 4. Nxd5 exd5 5. Nf3 Nc6 6. d4 
d6 7. Bb5 Bg4 8. Qe2 Be7 9. h3 Bxf3 10. Qxf3 O-O 11. Bxc6 bxc6 
12. N@f5 B@e4 13. Qg4 Bxf5 14. N@h6+ Kh8 15. Nxf5 N@b4 16. Qxg7# 
{XXNoWay checkmated} 1-0

[Event "fics rated crazyhouse match"]
[Site "fics, Oklahoma City, OK USA"]
[Date "2000.02.29"]
[White "XXNoWay"]
[WhiteElo "2359"]
[Black "Firefly"]
[BlackElo "2531"]
[TimeControl "120+0"]
[Result "0-1"]

1. e4 e6 2. Nc3 Nc6 3. Nf3 Nf6 4. Bb5 Bb4 5. d3 d5 6. e5 
Ng4 7. O-O Bd7 8. Bxc6 Bxc6 9. h3 Nxf2 10. Rxf2 B@g3 11. Rf1 Bxc3 
12. bxc3 d4 13. cxd4 P@h2+ 14. Kh1 N@f2+ 15. Rxf2 Bxf2 16. B@h5 Bxf3 17. Bxf7+ 
Kf8 18. Qxf3 R@g1+ 19. Kxh2 N@f1# 
{XXNoWay checkmated} 0-1

[Event "fics rated crazyhouse match"]
[Site "fics, Oklahoma City, OK USA"]
[Date "2000.02.29"]
[White "Firefly"]
[WhiteElo "2535"]
[Black "XXNoWay"]
[BlackElo "2355"]
[TimeControl "120+0"]
[Result "1-0"]

1. e4 e5 2. Nf3 d6 3. Bc4 Be7 4. d4 exd4 5. Nxd4 Nf6 6. Nc3 
Nc6 7. Nf5 Bxf5 8. exf5 N@e5 9. P@e6 Nxc4 10. exf7+ Kf8 11. P@h6 gxh6 
12. Bxh6+ P@g7 13. Bxg7+ Kxg7 14. P@g5 B@d2+ 15. Qxd2 Nxd2 16. B@h6+ Kxf7 17. B@e6# 
{XXNoWay resigns} 1-0

[Event "fics rated crazyhouse match"]
[Site "fics, Oklahoma City, OK USA"]
[Date "2000.02.29"]
[White "XXNoWay"]
[WhiteElo "2351"]
[Black "Firefly"]
[BlackElo "2539"]
[TimeControl "120+0"]
[Result "0-1"]

1. e4 e6 2. Nc3 Nc6 3. Nf3 Nf6 4. Bb5 Bb4 5. e5 Ng4 6. d4 
d6 7. exd6 cxd6 8. O-O Bxc3 9. bxc3 Bd7 10. P@h3 Nf6 11. Bg5 Rg8 
12. B@d3 N@f5 13. Re1 P@e7 14. Bxc6 Bxc6 15. Bxf5 exf5 16. Bxf6 gxf6 17. N@h6 
Rg6 18. Nxf5 B@e4 19. N@g7+ Kd7 20. N5h4 Rxg7 21. P@b5 Bcd5 22. c4 Bxf3 
23. Nxf3 Rxg2+ 24. Kxg2 N@h4+ 25. Kg3 N@f5+ 26. Kg4 h5+ 27. Kxh5 Bxf3+ 28. Qxf3 
B@g6+ 29. Kg4 B@h5+ 30. Kf4 N@e6+ 31. Ke4 Bxf3+ 32. Kd3 Nfxd4+ 33. Kc3 P@b4+ 
34. Kb2 Q@a3+ 35. Kb1 Bxc2# 
{XXNoWay checkmated} 0-1

[Event "fics rated crazyhouse match"]
[Site "fics, Oklahoma City, OK USA"]
[Date "2000.02.29"]
[White "Firefly"]
[WhiteElo "2543"]
[Black "XXNoWay"]
[BlackElo "2347"]
[TimeControl "120+0"]
[Result "1-0"]

1. e4 e6 2. Nc3 d5 3. exd5 exd5 4. Nf3 Be7 5. d4 Nf6 6. Ne5 
Bf5 7. Bb5+ P@c6 8. Be2 Ne4 9. Nxe4 dxe4 10. N@h5 Rg8 11. Bg4 N@h4 
12. Rg1 Bf6 13. Nxf6+ gxf6 14. Nxf7 Kxf7 15. B@h5+ Ke7 16. P@e5 Bxg4 17. Bxg4 
N@f3+ 18. gxf3 Nxf3+ 19. Qxf3 exf3 20. exf6+ Kd6 21. B@e5+ Kd5 22. N@e3# 
{XXNoWay resigns} 1-0

[Event "fics rated crazyhouse match"]
[Site "fics, Oklahoma City, OK USA"]
[Date "2000.02.29"]
[White "XXNoWay"]
[WhiteElo "2343"]
[Black "Firefly"]
[BlackElo "2547"]
[TimeControl "120+0"]
[Result "0-1"]

1. e4 Nf6 2. Nc3 e5 3. Bc4 Bc5 4. d3 d6 5. Nf3 Bg4 6. Bg5 
c6 7. h3 Bxf3 8. Qxf3 N@d4 9. Qd1 Nbd7 10. B@h4 O-O 11. Bxf6 Nxf6 
12. Bxf6 Qxf6 13. N@h5 Qg5 14. Qg4 B@d2+ 15. Kf1 B@h6 16. Qxg5 Bdxg5 17. N@g4 
Bb4 18. Nxh6+ Bxh6 19. B@d1 Bxc3 20. bxc3 N@d2+ 21. Kg1 N@f3+ 22. gxf3 N4xf3+ 
23. Kg2 Nh4+ 24. Kg3 Q@g2+ 25. Kxh4 P@g5# 
{XXNoWay checkmated} 0-1

[Event "fics rated crazyhouse match"]
[Site "fics, Oklahoma City, OK USA"]
[Date "2000.02.29"]
[White "Firefly"]
[WhiteElo "2551"]
[Black "XXNoWay"]
[BlackElo "2339"]
[TimeControl "60+0"]
[Result "1-0"]

1. e4 d6 2. Nc3 Nf6 3. d4 Bg4 4. f3 Bd7 5. Bc4 Nc6 6. Bxf7+ 
Kxf7 7. d5 Ne5 8. P@e6+ Ke8 9. exd7+ Nfxd7 10. Bf4 B@g6 11. Bxe5 Nxe5 
12. f4 Nc4 13. B@b5+ B@d7 14. Bxc4 P@b4 15. f5 bxc3 16. fxg6 hxg6 17. bxc3 
N@e5 18. P@e6 P@g3 19. B@f7+ Nxf7 20. exf7+ Kxf7 21. hxg3 Rxh1 22. N@g5+ Kg8 
23. P@h7+ Rxh7 24. Nxh7 B@b6 25. Nh3 P@f2+ 26. Nxf2 Bxf2+ 27. Kxf2 P@e3+ 28. Kxe3 
N@a5 29. P@f7+ Kxf7 30. N@g5+ Kg8 31. P@f7+ Kh8 32. R@g8# 
{XXNoWay checkmated} 1-0

[Event "fics rated crazyhouse match"]
[Site "fics, Oklahoma City, OK USA"]
[Date "2000.02.29"]
[White "XXNoWay"]
[WhiteElo "2335"]
[Black "Firefly"]
[BlackElo "2555"]
[TimeControl "60+0"]
[Result "1-0"]

1. d4 Nf6 2. Nc3 b6 3. Nf3 Bb7 4. Bg5 g6 5. Bxf6 exf6 6. e4 
Bh6 7. Bd3 O-O 8. O-O d6 9. N@g4 B@g7 10. Nxh6+ Bxh6 11. B@h4 Nd7 
12. e5 dxe5 13. dxe5 Bxf3 14. Qxf3 P@g5 15. exf6 Nxf6 16. P@e5 Ne8 17. B@f6 
Qd7 18. Bhxg5 Nxf6 19. Bxf6 P@g7 20. N@e7+ Kh8 21. Bxg7+ Bxg7 22. P@f6 Rg8 
23. fxg7+ Rxg7 24. P@f6 B@f8 25. B@h6 Qxe7 26. fxg7+ Bxg7 27. Bxg7+ Kg8 28. R@h8+ 
Kxg7 29. B@f6+ Kh6 30. Bxe7 
{Firefly resigns} 1-0

[Event "fics rated crazyhouse match"]
[Site "fics, Oklahoma City, OK USA"]
[Date "2000.02.29"]
[White "Firefly"]
[WhiteElo "2543"]
[Black "XXNoWay"]
[BlackElo "2347"]
[TimeControl "60+0"]
[Result "1-0"]

1. e4 e5 2. Nf3 d6 3. d4 Nf6 4. dxe5 dxe5 5. Qxd8+ Kxd8 6. Nxe5 
Be6 7. Nc3 Bd6 8. P@d4 P@b4 9. P@d5 bxc3 10. dxe6 fxe6 11. bxc3 Bxe5 
12. dxe5 Nxe4 13. Q@h4+ P@e7 14. Qxe4 N@c5 15. Qd4+ P@d6 16. N@f7+ Kc8 17. Nxh8 
N@f5 18. R@g8+ Kd7 19. B@e8+ Kd8 20. Bc6# 
{XXNoWay resigns} 1-0

[Event "fics rated crazyhouse match"]
[Site "fics, Oklahoma City, OK USA"]
[Date "2000.02.29"]
[White "XXNoWay"]
[WhiteElo "2343"]
[Black "Firefly"]
[BlackElo "2547"]
[TimeControl "60+0"]
[Result "0-1"]

1. e4 e6 2. Nc3 Nc6 3. d4 Nf6 4. d5 exd5 5. exd5 Qe7+ 6. Be2 
Ne5 7. Be3 d6 8. P@f4 Neg4 9. Bd4 P@e5 10. fxe5 dxe5 11. Bxg4 Bxg4 
12. Qxg4 Nxg4 13. N@f5 exd4+ 14. Nxe7 P@d2+ 15. Kf1 dxc3 16. P@d7+ Kxe7 17. Q@e4+ 
N@e5 18. bxc3 B@g6 19. P@f5 B@b5+ 20. B@d3 Bxd3+ 21. cxd3 Q@b2 22. Rd1 Bxf5 
23. Qxf5 B@g6 24. Qg5+ f6 25. Qxd2 Qxd2 26. Rxd2 N@e3+ 27. fxe3 Nxe3+ 28. Ke2 
Q@f1+ 29. Kxe3 Ng4+ 30. Kd4 P@c5+ 31. Kc4 Ne5+ 32. Kb3 Qb1+ 33. P@b2 P@a4+ 
34. Ka3 Kxd7 35. Q@e6+ Kd8 36. N@c6+ Nxc6 37. dxc6 P@b4+ 38. Kxa4 Qxa2+ 39. Kb5 
N@a6 
{XXNoWay forfeits on time} 0-1

[Event "fics rated crazyhouse match"]
[Site "fics, Oklahoma City, OK USA"]
[Date "2000.02.29"]
[White "Firefly"]
[WhiteElo "2551"]
[Black "XXNoWay"]
[BlackElo "2339"]
[TimeControl "60+0"]
[Result "1-0"]

1. e4 e5 2. Nc3 Nc6 3. Bc4 Nf6 4. Nf3 Bc5 5. d3 O-O 6. Bg5 
Nd4 7. Nxd4 Bxd4 8. N@d5 Nxd5 9. Bxd8 Nxc3 10. bxc3 Bxc3+ 11. Kf1 Rxd8 
12. Bxf7+ Kxf7 13. N@g5+ Kg8 14. Q@f7+ Kh8 15. P@e7 Rg8 16. Qxg8# 
{XXNoWay resigns} 1-0

[Event "fics rated crazyhouse match"]
[Site "fics, Oklahoma City, OK USA"]
[Date "2000.02.29"]
[White "XXNoWay"]
[WhiteElo "2335"]
[Black "pminear"]
[BlackElo "2382"]
[TimeControl "120+0"]
[Result "1-0"]

1. e4 e5 2. Nc3 Nc6 3. Bc4 Bc5 4. Qh5 Qf6 5. Nf3 Nd4 6. Bxf7+ 
Kd8 7. Nxd4 Bxd4 8. N@g4 Qb6 9. Bxg8 Rxg8 10. Nd5 B@g6 11. Nxb6 Bxh5 
12. P@e7+ Kxe7 13. Nd5+ Kd6 14. N@f5+ Kc6 15. Q@c4+ P@c5 16. Nxd4+ Kd6 17. Nf5+ 
Ke6 18. Nxc7# 
{pminear checkmated} 1-0

[Event "fics rated crazyhouse match"]
[Site "fics, Oklahoma City, OK USA"]
[Date "2000.02.29"]
[White "pminear"]
[WhiteElo "2373"]
[Black "XXNoWay"]
[BlackElo "2344"]
[TimeControl "120+0"]
[Result "1-0"]

1. e4 e6 2. Nc3 Nf6 3. e5 Nd5 4. Nxd5 exd5 5. Nf3 Nc6 6. d4 
d6 7. Bb5 Be7 8. Qe2 Bg4 9. N@e3 Bxf3 10. Qxf3 dxe5 11. Qxd5 Qxd5 
12. Nxd5 N@h4 13. B@h3 N@f3+ 14. gxf3 Nxf3+ 15. Kd1 Nxd4 16. Bxc6+ bxc6 17. Q@d7+ 
Kf8 18. Qxe7+ Kg8 19. N@f6+ gxf6 20. Nxf6+ Kg7 21. Nh5+ Kg6 22. Qg5# 
{XXNoWay checkmated} 1-0

[Event "fics rated crazyhouse match"]
[Site "fics, Oklahoma City, OK USA"]
[Date "2000.02.29"]
[White "XXNoWay"]
[WhiteElo "2337"]
[Black "pminear"]
[BlackElo "2380"]
[TimeControl "120+0"]
[Result "0-1"]

1. e4 e5 2. Bc4 Nc6 3. Qh5 Qf6 4. Nf3 g6 5. Qg5 Bg7 6. d3 
h6 7. Qxf6 Nxf6 8. Bxf7+ Kxf7 9. P@f5 B@h5 10. fxg6+ Bxg6 11. P@f5 Bh5 
12. Be3 P@e2 13. Kxe2 Bxf3+ 14. gxf3 N@d4+ 15. Kd2 Q@e2# 
{XXNoWay resigns} 0-1

[Event "fics rated crazyhouse match"]
[Site "fics, Oklahoma City, OK USA"]
[Date "2000.02.29"]
[White "pminear"]
[WhiteElo "2387"]
[Black "XXNoWay"]
[BlackElo "2330"]
[TimeControl "120+0"]
[Result "1-0"]

1. e4 e5 2. Nf3 d6 3. d4 exd4 4. Nxd4 Nf6 5. Nc3 Be7 6. Bc4 
Nc6 7. Nxc6 bxc6 8. P@h6 Rg8 9. Bxf7+ Kxf7 10. P@e6+ Kf8 11. hxg7+ Rxg7 
12. Bh6 B@h8 13. Bxg7+ Bxg7 14. N@f7 Qe8 15. P@h6 Bxe6 16. Ng5 Bg8 17. hxg7+ 
Kxg7 18. R@g3 P@g6 19. h4 B@f4 20. h5 P@h6 21. Nxh7 Bxh7 22. Rxg6+ Bxg6 
23. hxg6 P@d2+ 24. Kf1 R@e1+ 25. Qxe1 dxe1=Q+ 26. Rxe1 N@d2+ 27. Ke2 Nf3 28. gxf3 
Q@d2+ 29. Kf1 Qxg6 30. N@f5+ Qxf5 31. R@g2+ P@g3 32. exf5 Qxe1+ 33. Kxe1 P@d2+ 
34. Ke2 R@e5+ 35. P@e4 N@c1+ 36. Rxc1 dxc1=Q 37. Q@g6+ Kf8 38. N@h7# 
{XXNoWay forfeits on time} 1-0

[Event "fics rated crazyhouse match"]
[Site "fics, Oklahoma City, OK USA"]
[Date "2000.02.29"]
[White "Nathaniel"]
[WhiteElo "2170"]
[Black "XXNoWay"]
[BlackElo "2323"]
[TimeControl "60+0"]
[Result "0-1"]

1. e4 d6 2. d4 Nf6 3. Nc3 Nc6 4. Nf3 Bg4 5. Be2 Bxf3 6. Bxf3 
e5 7. dxe5 Nxe5 8. Bg5 Be7 9. Bxf6 Bxf6 10. Nd5 O-O 11. Nxf6+ Qxf6 
12. N@d5 Nxf3+ 13. gxf3 N@g2+ 14. Kd2 Qd4+ 15. B@d3 B@h6+ 16. P@e3 N@c4+ 17. Ke2 
Nxb2 18. exd4 Nxd1 19. Raxd1 P@e6 20. Ne7+ Kh8 21. B@g3 B@f6 22. Rhg1 Bxe7 
23. Rxg2 P@h3 24. Rgg1 N@c3+ 25. Ke1 Nxd1 26. N@f4 Nc3 27. N@b2 R@b1+ 28. N@d1 
Nxd1 29. Nxd1 Q@c1 30. N@c3 N@b2 31. Be2 Nxd1 32. Nxd1 N@g2+ 33. Nxg2 hxg2 
34. N@c3 Bd2# 
{Nathaniel checkmated} 0-1

[Event "fics rated crazyhouse match"]
[Site "fics, Oklahoma City, OK USA"]
[Date "2000.02.29"]
[White "XXNoWay"]
[WhiteElo "2328"]
[Black "Nathaniel"]
[BlackElo "2165"]
[TimeControl "60+0"]
[Result "1-0"]

1. e4 e6 2. Nc3 d5 3. Nf3 dxe4 4. Nxe4 Nc6 5. Bb5 Bd7 6. d3 
Nf6 7. Bg5 Be7 8. Bxf6 Bxf6 9. Nxf6+ Qxf6 10. B@g5 Qxb2 11. O-O P@f6 
12. N@h5 Qxb5 13. Nxg7+ Kd8 14. Bxf6+ P@e7 15. Nxe6+ Bxe6 16. Bxh8 Qg5 17. Nxg5 
{Nathaniel resigns} 1-0

[Event "fics rated crazyhouse match"]
[Site "fics, Oklahoma City, OK USA"]
[Date "2000.02.29"]
[White "Nathaniel"]
[WhiteElo "2160"]
[Black "XXNoWay"]
[BlackElo "2333"]
[TimeControl "60+0"]
[Result "0-1"]

1. e4 e5 2. Nf3 d6 3. Bc4 Be7 4. c3 Nf6 5. d4 exd4 6. cxd4 
Nxe4 7. Qe2 d5 8. Bb5+ c6 9. Bf4 P@d6 10. Bc4 Bg4 11. O-O dxc4 
12. Qxe4 B@d5 13. Qxd5 cxd5 14. B@e2 P@e4 15. Nbd2 exf3 16. Bxf3 Bxf3 17. Nxf3 
N@e2+ 18. Kh1 Nxf4 19. N@f5 B@h3 20. Nxg7+ Kf8 21. Rg1 Bxg2+ 22. Rxg2 B@h3 
23. Rag1 Bxg2+ 24. Rxg2 R@f1+ 25. B@g1 P@h3 26. Ne6+ Nxe6 27. B@h6+ N@g7 28. Rxg7 
Nxg7 29. Bxg7+ Ke8 30. N@f4 R@g2 31. Nxg2 hxg2+ 32. Kxg2 N@f4+ 33. Kg3 Q@g2+ 
34. Kxf4 Bg5# 
{Nathaniel forfeits on time} 0-1

[Event "fics rated crazyhouse match"]
[Site "fics, Oklahoma City, OK USA"]
[Date "2000.02.29"]
[White "XXNoWay"]
[WhiteElo "2337"]
[Black "Nathaniel"]
[BlackElo "2156"]
[TimeControl "60+0"]
[Result "0-1"]

1. e4 e5 2. Nc3 Bc5 3. Nf3 Nf6 4. Bc4 O-O 5. d3 Nc6 6. Bg5 
Bxf2+ 7. Kxf2 Ng4+ 8. Kf1 Qxg5 9. Nxg5 Ne3+ 10. Ke2 Nxd1 11. Raxd1 B@h5+ 
12. B@f3 Nd4+ 13. Kd2 Bxf3 14. gxf3 B@f4+ 15. Ke1 Bxg5 16. B@h5 N@g2+ 17. Kf2 
Nf4 18. Bcxf7+ Kh8 19. Rhg1 Q@e2+ 20. Kg3 Nxh5+ 21. Bxh5 Rxf3# 
{XXNoWay resigns} 0-1

[Event "fics rated crazyhouse match"]
[Site "fics, Oklahoma City, OK USA"]
[Date "2000.02.29"]
[White "Nathaniel"]
[WhiteElo "2168"]
[Black "XXNoWay"]
[BlackElo "2325"]
[TimeControl "60+0"]
[Result "0-1"]

1. e4 e6 2. d4 Nf6 3. Nc3 d5 4. e5 Ne4 5. Nxe4 dxe4 6. Be3 
Nc6 7. Bb5 Bd7 8. Bxc6 Bxc6 9. Nh3 N@f5 10. O-O B@f3 11. gxf3 exf3 
12. B@g5 Be7 13. N@h5 P@e2 14. Nxg7+ Nxg7 15. P@f6 exd1=Q 16. N@f4 N@e2+ 17. Kh1 
Bxf6 18. exf6 P@g2+ 19. Nxg2 fxg2# 
{Nathaniel checkmated} 0-1

[Event "fics rated crazyhouse match"]
[Site "fics, Oklahoma City, OK USA"]
[Date "2000.02.29"]
[White "XXNoWay"]
[WhiteElo "2330"]
[Black "pminear"]
[BlackElo "2394"]
[TimeControl "60+0"]
[Result "0-1"]

1. e4 e6 2. Bc4 Nc6 3. d4 Nf6 4. d5 exd5 5. exd5 Qe7+ 6. P@e6 
Ne5 7. exf7+ Kxf7 8. Be2 Ke8 9. Nc3 d6 10. P@e6 Ng6 11. Bg5 P@c6 
12. dxc6 Bxe6 13. cxb7 Rb8 14. Bxf6 gxf6 15. P@c6 B@b4 16. N@a6 Bxc3+ 17. bxc3 
Rd8 18. b8=Q Rxb8 19. Nxb8 Nf4 20. P@d7+ Kf7 21. Bf3 Bg4+ 22. Ne2 Bxf3 
23. B@e8+ Kg8 24. gxf3 Ng2+ 25. Kf1 N@e3+ 26. fxe3 Nxe3+ 27. Ke1 P@f2+ 28. Kd2 
Nxd1 29. R@g2+ Bg7 30. B@f7+ Qxf7 31. Bxf7+ Kxf7 32. N@d8+ Rxd8 33. Q@e8+ Rxe8 
{XXNoWay forfeits on time} 0-1

[Event "fics rated crazyhouse match"]
[Site "fics, Oklahoma City, OK USA"]
[Date "2000.02.29"]
[White "pminear"]
[WhiteElo "2401"]
[Black "XXNoWay"]
[BlackElo "2323"]
[TimeControl "60+0"]
[Result "1-0"]

1. e4 e6 2. Nc3 Nf6 3. e5 Nd5 4. Nxd5 exd5 5. Nf3 Nc6 6. d4 
d6 7. Bb5 Bd7 8. Qe2 Be7 9. Bxc6 bxc6 10. N@h5 Rg8 11. exd6 cxd6 
12. P@f6 B@a5+ 13. Bd2 Bxd2+ 14. Nxd2 gxf6 15. Nxf6+ Kf8 16. Nxg8 Kxg8 17. N@h6+ 
Kh8 18. Nxf7+ Kg7 19. Nxd8 
{XXNoWay resigns} 1-0

[Event "fics rated crazyhouse match"]
[Site "fics, Oklahoma City, OK USA"]
[Date "2000.02.29"]
[White "XXNoWay"]
[WhiteElo "2317"]
[Black "pminear"]
[BlackElo "2407"]
[TimeControl "60+0"]
[Result "0-1"]

1. e4 e5 2. Nf3 Nc6 3. Bc4 Bc5 4. d3 Nf6 5. O-O d5 6. h3 
dxc4 7. dxc4 Qxd1 8. Rxd1 Nxe4 9. Q@e2 Nxf2 10. Be3 Bxe3 
{XXNoWay resigns} 0-1

[Event "fics rated crazyhouse match"]
[Site "fics, Oklahoma City, OK USA"]
[Date "2000.02.29"]
[White "pminear"]
[WhiteElo "2413"]
[Black "XXNoWay"]
[BlackElo "2311"]
[TimeControl "60+0"]
[Result "1-0"]

1. e4 Nc6 2. d4 e5 3. dxe5 Nxe5 4. Nf3 Nxf3+ 5. gxf3 d6 6. Nc3 
P@h3 7. Rg1 Nf6 8. P@f5 Nxe4 9. Nxe4 P@g2 10. Bc4 Bxf5 11. Bxf7+ Kxf7 
12. N@g5+ Ke8 13. P@f7+ Kd7 14. Qd5 P@e6 15. N@c5+ Ke7 16. Ncxe6 N@b4 17. Qxf5 
Nxc2+ 18. Kd2 Nxa1 19. P@f6+ gxf6 20. Qxf6+ Kd7 21. Qxd8+ Rxd8 22. Nxf8+ Rhxf8 
23. B@e6+ Kc6 24. Q@d5+ Kb6 25. P@a5+ Ka6 26. B@c4+ P@b5 27. Qxb5# 
{XXNoWay checkmated} 1-0